 Dungeon Crawl Stone Soup version 0.25-a0-663-gace7076 (webtiles) character file.

Game seed: 4703432197340102347, levelgen mode: deterministic

154 MrTaco21 the Cudgeler (level 5, -2/32 HPs)
             Began as a Gargoyle Fighter on Mar 24, 2020.
             Slain by an orc
             ... wielding a +0 war axe
              (5 damage)
             ... on level 2 of the Dungeon.
             The game lasted 00:03:28 (2717 turns).

MrTaco21 the Cudgeler (Gargoyle Fighter)            Turns: 2717, Time: 00:03:29

Health: -2/32      AC: 12    Str: 21    XL:     5   Next: 36%
Magic:  5/5        EV:  7    Int:  8    God:
Gold:   122        SH:  9    Dex:  9    Spells: 4/4 levels left

rFire    . . .     SeeInvis .   k - -1 whip (curse)
rCold    . . .     Gourm    .   c - +0 kite shield
rNeg     + . .     Faith    .   b - +0 scale mail
rPois    ∞         Spirit   .   h - +0 helmet
rElec    +         Reflect  .   (no cloak)
rCorr    .         Harm     .   (no gloves)
MR       .....                  (no boots)
Stlth    ..........             (no amulet)
HPRegen  0.10/turn              (no ring)
MPRegen  0.09/turn              (no ring)

@: no status effects
A: negative energy resistance 1, electricity resistance, unbreathing,
petrification resistance, rot immunity, AC +4
a: no special abilities


You were on level 2 of the Dungeon.
You were hungry.

You visited 1 branch of the dungeon, and saw 3 of its levels.

You collected 122 gold pieces.

Inventory:

Hand Weapons
 a - a +0 flail
 k - a cursed -1 whip (weapon)
   (You found it on level 1 of the Dungeon)
Armour
 b - a +0 scale mail (worn)
 c - a +0 kite shield (worn)
 h - a +0 helmet (worn)
   (You found it on level 2 of the Dungeon)
Scrolls
 g - a scroll of teleportation {@r4}
 n - a scroll of enchant weapon
 o - a scroll of identify {@r1}
Potions
 d - a potion of might
 f - a potion of flight {unknown}
 i - a potion of invisibility {unknown}
 j - a potion of heal wounds {unknown}
 l - a potion of mutation {unknown}
 m - a potion of curing {unknown}
Comestibles
 e - 5 rations {!d}


   Skills:
 - Level 3.2 Fighting
 + Level 5.4 Maces & Flails
 - Level 3.2 Armour
 - Level 3.2 Shields


You had 4 spell levels left.
You didn't know any spells.
Your spell library was empty.

Dungeon Overview and Level Annotations

Branches:
Dungeon (3/15)

Altars:
Elyvilon
Xom


Innate Abilities, Weirdness & Mutations

You are resistant to torment.
Your stone body is resilient. (AC +4)
You are immune to poison.
You resist negative energy. (rN+)
You are resistant to electric shocks. (rElec)
You can survive without breathing.
You are immune to petrification.
You are immune to rotting.


Message History

You block the jackal's attack.
You closely miss the orc wizard.
The orc wizard hits you with a +0 dagger of venom.
* * * LOW HITPOINT WARNING * * *
The jackal bites you but does no damage.
The frilled lizard bites you but does no damage.
Unknown command.
You closely miss the orc wizard.
The orc wizard hits you but does no damage.
The jackal bites you but does no damage.
You block the frilled lizard's attack.
The orc wizard casts a cantrip, but nothing happens.
Unknown command.
You closely miss the orc wizard.
The jackal bites you but does no damage.
The orc wizard hits you but does no damage.
The frilled lizard closely misses you.
The jackal bites you but does no damage.
Unknown command.
You hit the orc wizard.
The orc wizard hits you with a +0 dagger of venom.
* * * LOW HITPOINT WARNING * * *
The jackal barely misses you. The frilled lizard barely misses you.
Unknown command.
You hit the orc wizard but do no damage.
The orc wizard hits you with a +0 dagger of venom.
* * * LOW HITPOINT WARNING * * *
The jackal barely misses you.
You closely miss the orc wizard.
The orc wizard hits you with a +0 dagger of venom.
* * * LOW HITPOINT WARNING * * *
The frilled lizard bites you.
* * * LOW HITPOINT WARNING * * *
The jackal bites you but does no damage.
Unknown command.
You whack the orc!
You kill the orc!
The jackal barely misses you. The frilled lizard bites you.
* * * LOW HITPOINT WARNING * * *
You block the jackal's attack.
Unknown command.
You hit the orc wizard.
You kill the orc wizard!
The frilled lizard bites you but does no damage.
You block the jackal's attack.
Unknown command.
You barely miss the orc. You block the jackal's attack.
The frilled lizard bites you but does no damage.
The orc hits you with a +0 war axe.
You die...

#############.88#.P.#..#.#
# #.PP.#..##.##.#
###⌠_..'..##.##.#
#.#..P.#P.##.##.#
#.##.88#..##.##.##
#.##...#8###.##..# ##
#.######.# #.###.# .#
#.##########.##..# .#
#.#...o@# #..##.## .#
#.#...hl# #.###.## .#
#######.#..#### #.# #..#
.###.........## #.# ##.#
....)####..#.# ##.# ##.#
(####>.......# #..# #..#
...##........# ##.## #.##
...##........# #..# #.#
...##........# ##.## #.#


You could see an orc, a jackal and a frilled lizard.

Vanquished Creatures
  An orc wizard (D:2)
  2 adders (D:2)
  5 worms
  3 dart slugs
  A leopard gecko (D:1)
  2 orcs
  9 bats
  6 giant cockroaches
  4 goblins
  13 hobgoblins
  6 jackals (D:2)
  13 kobolds
  A quokka (D:3)
  5 frilled lizards
  10 rats
81 creatures vanquished.

Vanquished Creatures (others)
  5 dream sheep (D:3)
5 creatures vanquished.

Grand Total: 86 creatures vanquished

Notes
Turn   | Place    | Note
-------+----------+-------------------------------------------
     0 | D:1      | MrTaco21 the Gargoyle Fighter began the quest for the Orb.
     0 | D:1      | Reached XP level 1. HP: 14/14 MP: 1/1
   139 | D:1      | Reached XP level 2. HP: 14/19 MP: 2/2
   184 | D:1      | Reached skill level 3 in Maces & Flails
   386 | D:1      | Reached XP level 3. HP: 22/23 MP: 3/3
  1051 | D:2      | Reached skill level 4 in Maces & Flails
  1100 | D:2      | Reached XP level 4. HP: 6/28 MP: 4/4
  1973 | D:2      | Found a faded altar of an unknown god.
  2215 | D:3      | Found a white marble altar of Elyvilon.
  2318 | D:3      | Noticed a dream sheep
  2318 | D:3      | Noticed a dream sheep
  2318 | D:3      | Noticed a dream sheep
  2318 | D:3      | Noticed a dream sheep
  2318 | D:3      | Noticed a dream sheep
  2318 | D:3      | Found a shimmering altar of Xom.
  2323 | D:3      | Killed a dream sheep
  2323 | D:3      | Killed a dream sheep
  2323 | D:3      | Killed a dream sheep
  2323 | D:3      | Killed a dream sheep
  2323 | D:3      | Killed a dream sheep
  2406 | D:3      | Reached skill level 5 in Maces & Flails
  2414 | D:3      | Reached XP level 5. HP: 32/32 MP: 5/5
  2717 | D:2      | Slain by an orc

Levels and vault maps discovered:
D:1:      mrwooster_arrival_statue, layout_basic, minmay_pentomino_p2
D:2:      layout_rooms, chequers_ecumenical_altar_lobes
D:3:      lemuel_castle_with_subvaults [lemuel_castle_interior_original],
          layout_rooms, elyvilon_altar_5, kb_xom_exploding_sheep

Skill      XL: |  1  2  3  4 |
---------------+-------------+-----
Maces & Flails | 3 4 5 |  5.4
Fighting       | |  3.2
Armour         | |  3.2
Shields        | |  3.2

Action                   |  1- 3 |  4- 6 || total
-------------------------+-------+-------++-------
Melee: Flail             |   117 |       ||   117
       Whip              |    48 |   275 ||   323
  Use: Scroll            |       |     5 ||     5
  Eat: Chunk             |     1 |     5 ||     6
Armor: Scale mail        |   104 |   162 ||   266
Dodge: Dodged            |    65 |   102 ||   167
Block: Kite shield       |   116 |   149 ||   265

Table legend:
 A = Non-vault XP
 B = Vault XP
 C = Vault XP percentage of total XP
 D = Non-vault monster count
 E = Vault monster count
 F = Vault count percentage of total count
                 A         B        C        D         E       F
            +---------+---------+-------+---------+---------+-------
      Total |     214 |       7 |   3.2 |      77 |       4 |   4.9
            +---------+---------+-------+---------+---------+-------
        D:1 |      52 |       3 |   5.5 |      29 |       2 |   6.5
        D:2 |     118 |       4 |   3.3 |      25 |       2 |   7.4
        D:3 |      44 |       0 |   0.0 |      23 |       0 |   0.0
            +---------+---------+-------+---------+---------+-------
